 Dungeon Crawl Stone Soup version 0.27-a0-92-g39ad13b146 (webtiles) character file.

Game seed: 17488850174235616689

3870 dickylongcocking the Covert (level 10, -3/66 (68) HPs)
             Began as an Octopode Delver on Jan 16, 2021.
             Was a Follower of Makhleb.
             Shot with a sling bullet by Joseph (20 damage)
             ... on level 7 of the Dungeon.
             The game lasted 00:12:09 (13847 turns).

dickylongcocking the Covert (Octopode Delver)      Turns: 13847, Time: 00:12:10

HP:   -3/66 (68)    AC:  3    Str:  9 (12) XL:     10   Next: 19%
MP:   10/10         EV: 14    Int:  9 (16) God:    Makhleb [*.....]
Gold: 438           SH:  0    Dex: 12 (13) Spells: 4/9 levels left

rFire    + . .     SeeInvis .     - Unarmed
rCold    . . .     Faith    .   (no shield)
rNeg     . . .     Spirit   .   (helmet restricted)
rPois    .         Reflect  .   (no amulet)
rElec    .         Harm     .   b - ring of stealth
rCorr    .         Rampage  .   p - ring of flight
Will     .....                  e - ring of protection from fire
Stlth    +++++++...             (no ring)
HPRegen  0.21/turn              (no ring)
MPRegen  0.12/turn              (no ring)
                                (no ring)
                                (no ring)

@: lethally poisoned (-3 -> -4), about to teleport, lightly drained
A: almost no armour, stealthy swim, amphibious, 8 rings, constrict 8, iridescent
scales 1, camouflage 1, deterioration 1, wild magic 1, gelatinous body 1
a: Renounce Religion, Evoke Flight


You were on level 7 of the Dungeon.
You worshipped Makhleb.
Makhleb was aware of your devotion.
You visited 2 branches of the dungeon, and saw 8 of its levels.

You collected 438 gold pieces.

Inventory:

Hand Weapons
 w - the +5 hand axe of Nusipn {vorpal, +Fly rElec Dex+3}
   (You found it on level 4 of the Dungeon)

   It inflicts extra damage upon your enemies.
   It affects your dexterity (+3).
   It insulates you from electricity.
   It lets you fly.
Missiles
 h - 2 poisoned darts (quivered)
Jewellery
 b - a ring of stealth (left tentacle)
 e - a ring of protection from fire (on tentacle)
 n - an uncursed ring of fire
 p - a ring of flight (right tentacle)
Scrolls
 a - 2 scrolls of fog
 c - a scroll of immolation
 f - 2 scrolls of remove curse
 g - 8 scrolls of identify
 j - a scroll of blinking {unknown}
 k - a scroll of enchant weapon {unknown}
 l - 2 scrolls of amnesia
 q - 2 scrolls of magic mapping
 s - a scroll of noise {unknown}
 v - 2 scrolls of random uselessness {unknown}
Potions
 d - a potion of curing
 m - 2 potions of flight
 o - a potion of brilliance {unknown}
 t - a potion of attraction
 u - a potion of magic
 x - 2 potions of might {unknown}


   Skills:
 - Level 6.2 Fighting
 - Level 3.9 Dodging
 - Level 13.4 Stealth
 - Level 9.6 Unarmed Combat
 * Level 0.3 Hexes


You had 4 spell levels left.
You knew the following spells:

 Your Spells              Type           Power        Failure   Level
a - Ensorcelled Hibernat  Hex/Ice        0%           58%         2
b - Tukima's Dance        Hex            0%           78%         3

Your spell library contained the following spells:

 Spells                   Type           Power        Failure   Level
 Corona                   Hex            0%           43%         1
 Confusing Touch          Hex            0%           78%         3
 Dazzling Flash           Conj/Hex       0%           82%         3


Dungeon Overview and Level Annotations

Branches:
Dungeon (7/15)             Temple (1/1) D:6

Altars:
Ashenzari
Dithmenos
Fedhas
Kikubaaqudgha
Makhleb
Okawaru
Qazlal
Ru
Sif Muna
Trog
Uskayaw
Vehumet
Xom
Yredelemnul
Zin

Annotations:
D:7 Joseph, Maggie, Menkaure


Innate Abilities, Weirdness & Mutations

You cannot wear most types of armour.
You are very stealthy in the water. (Stealth+)
You are amphibious.
You can wear up to eight rings at the same time.
You can use your tentacles to constrict eight enemies at once.
Your skin changes colour to match your surroundings (Stealth+).
Your rubbery body absorbs attacks. (AC +1, EV +1)
You are partially covered in iridescent scales. (AC +2)
Your body sometimes deteriorates upon taking damage.
Your spells are a little harder to cast, but a little more powerful.


Message History

It was a potion of magic.
Magic courses through your body.
You constrict the gnoll. The gnoll closely misses you.
As you read the scroll of teleportation, it crumbles to dust.
You feel strangely unstable.
You constrict the gnoll, but do no damage.
Joseph closely misses you. The spectral weapon hits you. The gnoll misses you.
Unknown command.
Unknown command.
You release your grip on the gnoll.
Joseph unwields a +0 spectral quarterstaff.
The spectral weapon fades away.
Joseph wields a +0 hunting sling.
Joseph shoots a sling bullet.
The sling bullet hits you!!
* * * LOW HITPOINT WARNING * * *
The gnoll barely misses you.
You see here a sling bullet.
You feel sick.
Unknown command.
Joseph shoots a sling bullet.
The sling bullet hits you!!
You die...

............###.#
.......##....##.##
Z.....####...#...#
.....##..##..#.#.##
.....##).##.hg(...#
......#''#..g@†...#
..##......(.##(...#
.####......####..(#
## .'....g.'..##@.#
##.)'......'..##.##
.####......####..#
).##......h.# ...#
.....(#'g#...g...#
.....##..##.....##
###..# ..### # ...#
... # ....#


You could see Joseph, a gnoll sergeant, 2 gnolls and a jackal.

Vanquished Creatures
  Harold (D:6)
  Sigmund (D:4)
  A phantom (D:6)
  An ice beast (D:6)
  4 sky beasts
  3 ogres
  A wolf (D:6)
  2 centaurs (D:6)
  Blork the orc (D:4)
  7 bullfrogs
  A water moccasin zombie (D:5)
  A scorpion (D:6)
  5 wights
  A bullfrog zombie (D:6)
  10 hounds
  An orc priest (D:5)
  4 jellies
  A gnoll shaman (D:6)
  3 orc wizards (D:5)
  An iguana (D:5)
  A worker ant (D:4)
  2 hound zombies (D:7)
  A hound skeleton (D:5)
  15 gnolls
  13 adders
  3 shadow imps
  5 white imps
  7 oozes (D:2)
  2 adder skeletons
  4 worms
  2 dart slugs (D:2)
  5 leopard geckos
  20 orcs
  A bat (D:3)
  4 giant cockroaches
  6 goblins
  9 hobgoblins
  9 jackals
  3 ball pythons
  A frilled lizard (D:3)
  14 kobolds
  A leopard gecko skeleton (D:4)
  A quokka skeleton (D:4)
  5 rats
184 creatures vanquished.

Vanquished Creatures (others)
  7 fungi (D:2)
  9 toadstools (D:2)
16 creatures vanquished.

Grand Total: 200 creatures vanquished

Notes
Turn   | Place    | Note
-------+----------+-------------------------------------------
     0 | D:5      | dickylongcocking the Octopode Delver began the quest for
                  | the Orb.
     0 | D:5      | Reached XP level 1. HP: 16/16 MP: 1/1
    43 | D:5      | Noticed a worker ant
    47 | D:5      | Noticed a bullfrog
   467 | D:3      | Reached XP level 2. HP: 12/21 MP: 2/2
   659 | D:2      | Reached XP level 3. HP: 20/26 MP: 3/3
  1753 | D:2      | Found a shimmering altar of Xom.
  1806 | D:2      | Reached XP level 4. HP: 25/31 MP: 4/4
  1906 | D:2      | Gained mutation: Scrolls take you a little longer to read.
                  | [potion of mutation]
  1906 | D:2      | Gained mutation: Your system is resistant to poisons.
                  | (rPois) [potion of mutation]
  1918 | D:2      | Reached skill level 7 in Stealth
  2739 | D:3      | Reached XP level 5. HP: 34/36 MP: 5/5
  2946 | D:4      | Noticed Sigmund
  2962 | D:4      | Killed Sigmund
  2963 | D:4      | Reached skill level 8 in Stealth
  2963 | D:4      | Reached skill level 5 in Unarmed Combat
  2963 | D:4      | Reached XP level 6. HP: 27/42 MP: 6/6
  2963 | D:4      | Lost mutation: Scrolls take you a little longer to read.
                  | [potion of mutation]
  2963 | D:4      | Lost mutation: Your system is resistant to poisons. (rPois)
                  | [potion of mutation]
  2963 | D:4      | Gained mutation: Your spells are a little harder to cast,
                  | but a little more powerful. [potion of mutation]
  2963 | D:4      | Gained mutation: Your body sometimes deteriorates upon
                  | taking damage. [potion of mutation]
  2963 | D:4      | Gained mutation: You are partially covered in iridescent
                  | scales. (AC +2) [potion of mutation]
  3517 | D:4      | Reached skill level 9 in Stealth
  3586 | D:4      | Found a shadowy altar of Dithmenos.
  3649 | D:4      | Noticed Blork the orc
  3654 | D:4      | Killed Blork the orc
  3655 | D:4      | Reached XP level 7. HP: 46/46 MP: 7/7
  3786 | D:4      | Got a crude hand axe
  3786 | D:4      | Identified the +5 hand axe of Nusipn {vorpal, +Fly rElec
                  | Dex+3} (You found it on level 4 of the Dungeon)
  4441 | D:5      | Reached skill level 10 in Stealth
  5231 | D:5      | Reached XP level 8. HP: 48/52 MP: 8/8
  6802 | D:6      | Found a staircase to the Ecumenical Temple.
  6827 | Temple   | Entered the Ecumenical Temple
  6954 | Temple   | Became a worshipper of Makhleb the Destroyer
  6994 | D:6      | Reached skill level 11 in Stealth
  8357 | D:6      | Reached XP level 9. HP: 31/59 MP: 9/9
  8765 | D:6      | Reached skill level 12 in Stealth
 10046 | D:7      | Found an iron altar of Okawaru.
 10047 | D:7      | Noticed Maggie
 10313 | D:7      | Found a broken altar of Ashenzari.
 10378 | D:7      | Reached skill level 5 in Fighting
 10576 | D:7      | Noticed Harold
 10638 | D:7      | Noticed Menkaure
 11256 | D:6      | Reached * piety under Makhleb
 12635 | D:7      | Reached skill level 13 in Stealth
 13338 | D:6      | Killed Harold
 13339 | D:6      | Reached XP level 10. HP: 7/68 MP: 10/10
 13700 | D:7      | Learned a level 2 spell: Ensorcelled Hibernation
 13788 | D:7      | Learned a level 3 spell: Tukima's Dance
 13828 | D:7      | Noticed Joseph
 13847 | D:7      | Shot with a sling bullet by Joseph

Illustrated notes

Levels and vault maps discovered:
D:1:      dpeg_arrival_long_road, layout_loops_cross
D:2:      cheibrodos_fertilizer, layout_loops_ring, overflow_temple_1_default
D:3:      layout_basic
D:4:      layout_gridville, grunt_dithmenos_smoke, uniq_sigmund,
          uniq_blork_the_orc
D:5:      layout_gridville
D:6:      minmay_razor_zed, layout_gridville, minmay_temple_entry_crystal_x
D:7:      layout_cave_pools, serial_gnoll_camp, gnoll_camp_huts_basic,
          gnoll_camp_mini_house, gnoll_camp_mini_doghouse,
          gnoll_camp_mini_loothouse, gnoll_camp_mini_doghouse,
          gnoll_camp_mini_hut, basic_altar, cheibrodos_ashenzari_chains,
          uniq_menkaure, uniq_joseph, uniq_harold, uniq_maggie
Temple:   dshaligram_water_room_temple

Skill      XL: |  1  2  3  4  5  6  7  8  9 |
---------------+----------------------------+-----
Unarmed Combat | 3 4 5 6 8 9 |  9.6
Stealth        | 7 8 9 10 11 13 | 13.4
Fighting       | 4 6 |  6.2
Dodging        | 3 |  3.9
Hexes          | |  0.3

Action                   |  1- 3 |  4- 6 |  7- 9 | 10-12 || total
-------------------------+-------+-------+-------+-------++-------
Melee: Unarmed           |    75 |    94 |   430 |    23 ||   622
       Constrict         |    22 |    26 |    61 |     8 ||   117
       Tentacles         |    12 |    21 |    60 |     4 ||    97
       Punch             |     1 |     3 |    15 |     2 ||    21
Evoke: Wand              |       |     7 |     8 |       ||    15
  Use: Scroll            |     2 |       |     9 |     1 ||    12
       Potion            |     1 |     5 |    12 |     1 ||    19
 Stab: Sleeping          |    12 |    12 |    16 |       ||    40
       Distracted        |       |       |     1 |       ||     1
Armor: Skin              |     4 |     2 |   107 |     3 ||   116
Dodge: Dodged            |    54 |    60 |   287 |    31 ||   432

Table legend: (Time is in decaauts)
 A = Elapsed time spent in this place.
 B = Non-inter-level travel time spent in this place.
 C = Inter-level travel time spent in this place.
 D = Time resting spent in this place.
 E = Time spent auto-exploring this place.
 F = Levels seen in this place.
 G = Mean time per level.
                   A        B        C        D        E       F      G
               +--------+--------+--------+--------+--------+-----+--------+
         Total |  13756 |  13100 |    656 |   5705 |   5426 |   8 | 1719.5 |
       Dungeon |  13616 |  12972 |    644 |   5705 |   5358 |   7 | 1945.1 |
        Temple |    140 |    128 |     12 |      0 |     68 |   1 |  140.0 |
               +--------+--------+--------+--------+--------+-----+--------+

Top non-repeatable levels by time:
     D:6: 5958 daAuts
     D:4: 1573 daAuts
     D:2: 1488 daAuts
     D:7: 1382 daAuts
     D:5: 1339 daAuts
     D:3: 950 daAuts
     D:1: 923 daAuts
  Temple: 140 daAuts
